 Dungeon Crawl Stone Soup version 0.18-a0-987-g0b0e4e7 (webtiles) character file.

6669 homeworkjunkie the Blocker (level 11, -8/94 HPs)
             Began as a Hill Orc Fighter on Jan 3, 2016.
             Was a High Priest of Okawaru.
             Mangled by an ettin
             ... wielding a +0 dire flail
              (24 damage)
             ... on level 1 of the Orcish Mines.
             The game lasted 00:19:34 (8689 turns).

homeworkjunkie the Blocker (Hill Orc Fighter)       Turns: 8689, Time: 00:19:34

Health: -8/94      AC: 19    Str: 23    XL:     11   Next: 3%
Magic:  14/14      EV:  9    Int:  8    God:    Okawaru [*****.]
Gold:   450        SH: 17    Dex: 14    Spells: 0 memorised, 10 levels left

rFire  + + .     SeeInvis +     d - +3 broad axe of Heff {chop, rPois rF++}
rCold  . . .     Gourm    .     v - +0 chain mail
rNeg   . . .     Faith    .     c - +0 shield
rPois  +         Spirit   .     F - +1 helmet {SInv}
rElec  .         Dismiss  .     r - +2 cloak {+Inv}
rCorr  .         Reflect  +     (no gloves)
SustAt .         Harm     .     i - +1 pair of boots
MR     .....                    k - +5 amulet of reflection
Stlth  ..........               o - +1 ring of protection
                                b - +4 ring of dexterity

@: not resistant to hostile enchantments, extremely unstealthy
A: no striking features
a: Heroism, Finesse, Renounce Religion, Evoke Invisibility


You were on level 1 of the Orcish Mines.
You worshipped Okawaru.
Okawaru was extremely pleased with you.
You were not hungry.

You visited 3 branches of the dungeon, and saw 12 of its levels.

You collected 982 gold pieces.
You spent 532 gold pieces at shops.

Inventory:

Hand Weapons
 a - a +2 war axe
 d - the +3 broad axe of Heff (weapon) {chop, rPois rF++}
   (Okawaru gifted it to you on level 9 of the Dungeon)

   It inflicts extra damage upon your enemies.
   It greatly protects you from fire.
   It protects you from poison.
Armour
 c - a +0 shield (worn)
 i - a +1 pair of boots (worn)
 r - a +2 cloak of invisibility (worn)
 v - a +0 chain mail (worn)
 F - a +1 helmet of see invisible (worn)
Jewellery
 b - a +4 ring of dexterity (left hand)
 e - an uncursed ring of fire
 k - a +5 amulet of reflection (around neck)
 o - a +1 ring of protection (right hand)
 C - an uncursed ring of magical power
 G - an uncursed ring of see invisible
Wands
 u - a wand of enslavement (10/24)
 w - a wand of draining (0/15)
 A - a wand of slowing (11/48)
Scrolls
 q - 2 scrolls of magic mapping
 t - 2 scrolls of teleportation
 y - a scroll of remove curse
 z - 2 scrolls of fear
 D - a scroll of blinking
Potions
 g - 3 potions of might
 h - a potion of lignification
 j - a potion of degeneration {unknown}
 l - a potion of invisibility {unknown}
 p - 2 potions of agility {unknown}
 x - 3 potions of magic
 B - 2 potions of poison {unknown}
 E - a potion of ambrosia {unknown}
Comestibles
 f - 6 bread rations
 s - 4 meat rations


   Skills:
 * Level 8.3 Fighting
 * Level 10.6 Axes
 * Level 7.6 Armour
 + Level 3.2 Dodging
 + Level 0.3 Stealth
 * Level 10.7 Shields
 * Level 4.5 Evocations


You had 10 spell levels left.
You didn't know any spells.

Dungeon Overview and Level Annotations

Branches:
Dungeon (10/15)            Temple (1/1) D:4            Lair (0/8) D:10
    Orc (1/2) D:9

Altars:
Ashenzari
Nemelex Xobeh
Okawaru
Ru
Sif Muna

Shops:
D:4 [


Message History

You block the ettin's attack. The ettin hits you with a dire flail!
You slash the ettin!
The ettin is moderately wounded.
You block the ettin's attack. The ettin hits you with a dire flail!
You hit the ettin.
The ettin is moderately wounded.
The ettin hits you with a dire flail!!! x2
* * * LOW HITPOINT WARNING * * *
You are too injured to fight recklessly!
You are too injured to fight recklessly!
You are too injured to fight recklessly!
Drink which item? (? for menu, Esc to quit)
You feel much better. The ettin hits you with a dire flail!
* * * LOW HITPOINT WARNING * * *
You block the ettin's attack.
You fail to use your ability.
You block the ettin's attack. You block the ettin's attack.
Drink which item? (? for menu, Esc to quit)
You feel better. The ettin hits you with a dire flail!!
You die...

##.#...#.# .#
##...#..#.###..#
#....#......#...
#...............
.$.......#......
#..#............
................
#......@C.......
.......)).......
........#...###.
...........##
...#.......#
...........#
#$.........$
#..##...#.##


You could see an ettin.

Vanquished Creatures
  Snorg (D:9)
  A hill giant (D:10)
  Pikel (D:9)
  A centaur zombie (D:10)
  4 trolls (D:9)
  3 yaks (D:9)
  A hungry ghost (D:7)
  A hippogriff (D:9)
  An orc warrior (D:6)
  A phantom (D:5)
  2 sky beasts
  9 ogres
  2 centaurs
  A giant frog (D:9)
  A wyvern zombie (D:8)
  6 killer bees (D:7)
  5 wights (D:8)
  5 crimson imps
  A jelly (D:9)
  3 hounds
  6 orc wizards
  5 orc priests
  A quasit (D:10)
  A centaur skeleton (D:6)
  An iguana (D:9)
  7 worker ants
  A hound skeleton (D:3)
  A mummy (D:6)
  A worker ant zombie (D:8)
  8 adders
  3 shadow imps
  2 oozes
  An adder skeleton (D:4)
  An adder zombie (D:5)
  2 worms (D:2)
  2 giant geckos
  18 orcs
  9 bats
  8 giant cockroaches
  9 goblins
  8 hobgoblins
  2 jackals (D:2)
  3 quokkas
  3 ball pythons
  A giant gecko skeleton (D:5)
  4 giant newts
  2 hobgoblin zombies (D:6)
  9 kobolds
  A kobold zombie (D:6)
  A quokka zombie (D:7)
  11 rats
182 creatures vanquished.

Vanquished Creatures (collateral kills)
  An ogre (D:6)
  A hobgoblin zombie (D:6)
2 creatures vanquished.

Vanquished Creatures (others)
  2 slaves (D:9)
  2 centaurs
  An adder (D:9)
  A giant gecko (D:9)
  A kobold (D:3)
  A fungus (D:7)
  A plant (D:7)
9 creatures vanquished.

Grand Total: 193 creatures vanquished

Notes
Turn   | Place    | Note
--------------------------------------------------------------
     0 | D:1      | homeworkjunkie the Hill Orc Fighter began the quest for the Orb.
     0 | D:1      | Reached XP level 1. HP: 19/19 MP: 1/1
   184 | D:1      | Reached XP level 2. HP: 27/27 MP: 2/2
   329 | D:2      | Reached skill level 4 in Fighting
   547 | D:2      | Reached XP level 3. HP: 33/33 MP: 3/3
  1128 | D:3      | Reached XP level 4. HP: 40/40 MP: 4/4
  1490 | D:4      | Found an iron altar of Okawaru.
  1510 | D:4      | Became a worshipper of Warmaster Okawaru
  1519 | D:5      | Entered Level 5 of the Dungeon
  1530 | D:5      | Reached XP level 5. HP: 25/46 MP: 5/5
  1790 | D:6      | Noticed an orc warrior
  1803 | D:5      | Noticed a phantom
  1863 | D:5      | Killed a phantom
  1863 | D:5      | Reached skill level 5 in Shields
  1863 | D:5      | Reached XP level 6. HP: 31/53 MP: 6/6
  2000 | D:5      | Reached skill level 1 in Dodging
  2125 | D:5      | Reached * piety under Okawaru
  2138 | D:5      | Noticed a sky beast
  2154 | D:5      | Killed a sky beast
  2154 | D:5      | Reached skill level 5 in Fighting
  2154 | D:5      | Reached skill level 5 in Axes
  2154 | D:5      | Reached XP level 7. HP: 31/61 MP: 7/7
  2453 | D:5      | Reached skill level 5 in Armour
  2650 | D:4      | Found a staircase to the Ecumenical Temple.
  2862 | Temple   | Entered the Ecumenical Temple
  2935 | D:4      | Found Cifesuk's Armour Boutique.
  3707 | D:2      | Found a deep blue altar of Sif Muna.
  4335 | D:6      | Reached ** piety under Okawaru
  4344 | D:6      | Reached skill level 6 in Shields
  4344 | D:6      | Reached skill level 1 in Evocations
  4355 | D:6      | Reached XP level 8. HP: 61/69 MP: 8/8
  4991 | D:7      | Reached *** piety under Okawaru
  4991 | D:7      | Reached skill level 7 in Shields
  5688 | D:7      | Reached XP level 9. HP: 78/78 MP: 10/10
  5802 | D:7      | Found a shattered altar of Ashenzari.
  5806 | D:7      | Saw a vision of the Swamp and the Snake Pit.
  5806 | D:7      | Noticed a shock serpent
  5806 | D:7      | Noticed a mana viper
  5806 | D:7      | Noticed a naga ritualist
  5806 | D:7      | Noticed a naga mage
  5807 | D:7      | Noticed a black mamba
  6198 | D:4      | Bought a +2 cloak of invisibility for 301 gold pieces
  6472 | D:8      | Reached skill level 8 in Shields
  6515 | D:9      | Found a staircase to the Orcish Mines.
  6812 | D:8      | Found a sacrificial altar of Ru.
  6953 | D:8      | Found a sparkling altar of Nemelex Xobeh.
  7148 | D:9      | Noticed a troll
  7159 | D:9      | Killed a troll
  7159 | D:9      | Reached **** piety under Okawaru
  7204 | D:9      | Reached skill level 9 in Shields
  7428 | D:9      | Noticed a troll
  7435 | D:9      | Killed a troll
  7435 | D:9      | Reached XP level 10. HP: 81/86 MP: 12/12
  7443 | D:9      | Noticed Pikel
  7459 | D:9      | Killed Pikel
  7459 | D:9      | Reached ***** piety under Okawaru
  7749 | D:10     | Entered Level 10 of the Dungeon
  7866 | D:9      | Reached skill level 10 in Axes
  7942 | D:9      | Identified a scroll of acquirement
  8042 | D:8      | Reached skill level 10 in Shields
  8138 | D:4      | Bought a +1 helmet of see invisible for 231 gold pieces
  8285 | Orc:1    | Entered Level 1 of the Orcish Mines
  8285 | Orc:1    | Noticed Snorg
  8314 | D:9      | Killed Snorg
  8314 | D:9      | Received a gift from Okawaru
  8315 | D:9      | Got an iridescent broad axe {god gift}
  8563 | D:10     | Identified the +3 broad axe of Heff {chop, rPois rF++} (Okawaru gifted it to you on level 9 of the Dungeon)
  8570 | D:10     | Noticed a hill giant
  8576 | D:10     | Killed a hill giant
  8598 | D:10     | Reached XP level 11. HP: 94/94 MP: 14/14
  8603 | D:10     | Found a staircase to the Lair.
  8680 | Orc:1    | Noticed an ettin
  8686 | Orc:1    | HP: 3/94 [ettin/dire flail (36)]
  8689 | Orc:1    | Mangled by an ettin

Vault maps used:
D:1:      dpeg_arrival_tiny_i
D:2:      led_sif_pool
D:3:      wad_crossroads, first_bread, hangedman_decor_peaks_small
D:4:      temple_fountains, serial_shops, shop, okawaru_gym_becter
D:6:      minmay_mini_ossuary
D:7:      grunt_ashenzari_visionary
D:8:      minitemple
D:9:      orc_0_dummy, uniq_pikel
D:10:     due_lair_maze_entry_diamond, hangedman_little_slice_of_home,
          fedhas_altar_2
Temple:   grunt_circular_temple_18
Orc:1:    uniq_harold, uniq_maurice, uniq_snorg

Action                   |  1- 3 |  4- 6 |  7- 9 | 10-12 || total
-------------------------+-------+-------+-------+-------++-------
Melee: War axe           |   115 |   104 |   341 |   125 ||   685
       Broad axe         |       |       |       |    24 ||    24
Evoke: Wand              |       |       |     2 |     3 ||     5
  Use: Scroll            |     5 |     3 |    10 |     1 ||    19
       Potion            |       |       |     6 |     4 ||    10
  Eat: Bread ration      |     1 |       |     4 |       ||     5
       Fruit             |       |     1 |     5 |       ||     6
       Beef jerky        |       |       |     2 |       ||     2
       Pizza             |       |       |     1 |       ||     1
